 Dungeon Crawl Stone Soup version 0.26-a0-30-g56b8cd3df0 (webtiles) character file.

Game seed: 16010250799430078889, levelgen mode: deterministic

10 vurker the Grave Robber (level 2, -1/20 HPs)
             Began as a Demonspawn Necromancer on June 3, 2020.
             Slain by a goblin
             ... wielding a +0 club
              (3 damage)
             ... on level 1 of the Dungeon.
             The game lasted 00:00:39 (273 turns).

vurker the Grave Robber (Demonspawn Necromancer)     Turns: 273, Time: 00:00:39

Health: -1/20      AC:  3    Str:  8    XL:     2   Next: 10%
Magic:  0/5        EV: 12    Int: 16    God:
Gold:   9          SH:  0    Dex: 13    Spells: 4/5 levels left

rFire    . . .     SeeInvis .   d - +1 dagger (elec)
rCold    . . .     Gourm    .   (no shield)
rNeg     . . .     Faith    .   a - +0 robe
rPois    .         Spirit   .   (no helmet)
rElec    .         Reflect  .   (no cloak)
rCorr    .         Harm     .   (no gloves)
MR       .....                  (no boots)
Stlth    +.........             (no amulet)
HPRegen  0.06/turn              c - ring of attention (curse)
MPRegen  0.09/turn              (no ring)

@: very slightly contaminated
A: rugged brown scales 1
a: no special abilities


You were on level 1 of the Dungeon.
You were not hungry.

You visited 1 branch of the dungeon, and saw 1 of its levels.

You collected 9 gold pieces.

Inventory:

Hand Weapons
 d - a +1 dagger of electrocution (weapon)
   (You took it off a goblin on level 1 of the Dungeon)
Armour
 a - a +0 robe (worn)
Jewellery
 c - a cursed ring of attention (left hand)
   (You found it on level 1 of the Dungeon)
Potions
 f - a potion of magic {unknown}
Comestibles
 e - a ration


   Skills:
 + Level 0.5 Fighting
 - Level 1.7 Dodging
 - Level 1.7 Stealth
 * Level 2.3 Spellcasting
 * Level 4.6 Necromancy


You had 4 spell levels left.
You knew the following spells:

 Your Spells              Type           Power        Failure   Level  Hunger
a - Pain                  Necr           ###.         3%          1    #......

Your spell library contained the following spells:

 Spells                   Type           Power        Failure   Level  Hunger
 Animate Skeleton         Necr           N/A          3%          1    #......
 Vampiric Draining        Necr           ###.......   9%          3    ###....
 Animate Dead             Necr           N/A          30%         4    #####..
 Agony                    Necr           ###.....     63%         5    ######.


Dungeon Overview and Level Annotations

Branches:
Dungeon (1/15)

Altars:


Innate Abilities, Weirdness & Mutations

You are partially covered in rugged brown scales. (AC +1, +3% HP)


Message History

The jackal writhes in agony.
A kobold comes into view. It is wielding a +0 dagger.
The jackal bites you.
You closely miss the jackal.
The jackal bites you but does no damage.
You hit the jackal. Lightning courses through the jackal!!
You kill the jackal!
The jackal bites you. The jackal closely misses you.
You see here a jackal corpse.
You hit the jackal but do no damage. The jackal barely misses you.
You barely miss the jackal. The jackal misses you. The jackal bites you.
* * * LOW HITPOINT WARNING * * *
You hit the jackal. Lightning courses through the jackal!
You kill the jackal!
You barely miss the jackal. The jackal bites you.
* * * LOW HITPOINT WARNING * * *
The jackal bites you.
* * * LOW HITPOINT WARNING * * *
You hit the jackal. The jackal barely misses you.
Unknown command.
You hit the jackal but do no damage.
The jackal bites you but does no damage. x2
Aim: a jackal (moderately wounded, chance to defeat MR: 87%)
You miscast Pain.
You are very lightly contaminated with residual magic.
Nothing appears to happen.
The jackal completely misses you.
All of the chunks of flesh in your inventory have rotted away.
Aim: a jackal (moderately wounded, chance to defeat MR: 87%)
The jackal writhes in agony.
You kill the jackal!
You have reached level 2!
Your demonic ancestry asserts itself...
Rugged brown scales grow over part of your body.
You closely miss the jackal. The jackal closely misses you. x2
You closely miss the jackal.
The jackal bites you but does no damage.
Unknown command.
You miss the jackal. The jackal closely misses you. The jackal misses you.
Aim: a jackal (chance to defeat MR: 87%)
The jackal barely resists.
The jackal bites you but does no damage.
Unknown command.
You closely miss the jackal. The jackal closely misses you.
You barely miss the jackal. The jackal barely misses you.
The jackal closely misses you.
You hit the jackal. Lightning courses through the jackal!
You kill the jackal!
A dart slug comes into view.
You hit the goblin. The goblin hits you with a +0 club.
You die... #.. ############# ... #...........# #... #.######(##÷# #...w#........##.# #....########.##.####### ..h.....$ ..#.##....)... g.hhh..K#

#.#....#######
#g# #.#......#
#@# #.#......#
#.###.#......#
#............#
###..........#
♣.♣.♣.♣.♣.♣.#
♣...♣...♣...♣.#
♣.♣.♣.♣.♣.♣.♣.♣#
#...♣...♣...♣^..#
#♣.♣.♣ ♣ ♣.♣.♣.♣#


You could see a dart slug, a goblin and a kobold.

Vanquished Creatures
  A giant cockroach (D:1)
  A goblin (D:1)
  4 jackals (D:1)
  2 bats (D:1)
  A frilled lizard (D:1)
9 creatures vanquished.

Notes
Turn   | Place    | Note
-------+----------+-------------------------------------------
     0 | D:1      | vurker the Demonspawn Necromancer began the quest for the
                  | Orb.
     0 | D:1      | Reached XP level 1. HP: 13/13 MP: 3/3
   265 | D:1      | Gained mutation: You are partially covered in rugged brown
                  | scales. (AC +1, +3% HP) [demonic ancestry]
   265 | D:1      | Reached XP level 2. HP: 4/20 MP: 0/5
   273 | D:1      | Slain by a goblin

Illustrated notes

Levels and vault maps discovered:
D:1:      dpeg_arrival_prison, layout_basic, kennysheep_crisscross,
          dk_noncrumbling_2, corexii_corridor_pit

Action                   || total
-------------------------++-------
Melee: Dagger            ||    15
 Cast: Pain              ||    10
Armor: Robe              ||     5
Dodge: Dodged            ||    12

Table legend:
 A = Non-vault XP
 B = Vault XP
 C = Vault XP percentage of total XP
 D = Non-vault monster count
 E = Vault monster count
 F = Vault count percentage of total count
                 A         B        C        D         E       F
            +---------+---------+-------+---------+---------+-------
      Total |      13 |       2 |  13.3 |       8 |       1 |  11.1
            +---------+---------+-------+---------+---------+-------
        D:1 |      13 |       2 |  13.3 |       8 |       1 |  11.1
            +---------+---------+-------+---------+---------+-------
